 Dungeon Crawl Stone Soup version 0.24-a0-25-g8489be9 (webtiles) character file.

Game seed: 18308725646508621067

1127 David the Chiller (level 8, -2/84 HPs)
             Began as a Human Wanderer on Feb 1, 2019.
             Was a Follower of Sif Muna.
             Slain by an orc warrior
             ... wielding a +0 long sword
              (5 damage)
             ... on level 6 of the Dungeon.
             The game lasted 00:45:55 (6073 turns).

David the Chiller (Human Wanderer)                  Turns: 6073, Time: 00:45:56

Health: -2/84      AC: 24    Str: 15    XL:     8   Next: 61%
Magic:  7/11       EV:  2    Int: 15    God:    Sif Muna [*.....]
Gold:   394        SH:  0    Dex: 10    Spells: 6/11 levels left

rFire    . . .     SeeInvis .   b - +1 flail
rCold    . . .     Gourm    .   (no shield)
rNeg     + + +     Faith    .   (armour currently unavailable)
rPois    +         Spirit   .   (helmet currently unavailable)
rElec    .         Reflect  .   (cloak currently unavailable)
rCorr    .         Harm     .   (gloves currently unavailable)
MR       .....     NoTele   +   (boots currently unavailable)
Stlth    +.........             h - amulet of magic regeneration
HPRegen  0.24/turn              g - ring of positive energy
MPRegen  0.37/turn              u - ring of wizardry

@: tree-form
A: no striking features
a: Divine Energy, Renounce Religion


You were on level 6 of the Dungeon.
You worshipped Sif Muna.
Sif Muna was aware of your devotion.
You were not hungry.
You were a tree.
You visited 1 branch of the dungeon, and saw 6 of its levels.

You collected 394 gold pieces.

Inventory:

Hand Weapons
 b - a +1 flail (weapon)
 e - a +0 club
Armour
 d - a +0 robe
 i - a +0 cloak (melded)
 j - a +1 ring mail (melded)
 m - a +0 pair of gloves (melded)
Jewellery
 g - a ring of positive energy (left branch)
 h - an amulet of magic regeneration (around neck)
 u - a ring of wizardry (right branch)
Scrolls
 a - 2 scrolls of teleportation
 n - 2 scrolls of identify
 o - 2 scrolls of fear
 q - 2 scrolls of enchant armour
 v - a scroll of immolation
Potions
 c - 3 potions of curing
 k - a potion of berserk rage
 l - 3 potions of agility
 p - 2 potions of lignification
 r - a potion of heal wounds {unknown}
 s - a potion of haste {unknown}
 t - a potion of invisibility {unknown}
Comestibles
 f - 6 rations


   Skills:
 + Level 1.9 Fighting
 - Level 3.0 Maces & Flails
 - Level 1.6 Throwing
 + Level 1.9 Armour
 - Level 2.0 Spellcasting
 - Level 5.1 Conjurations
 - Level 2.0 Charms
   Level 1.0 Translocations
   Level 1.0 Fire Magic
 + Level 7.1 Ice Magic
   Level 1.0 Evocations


You had 6 spell levels left.
You knew the following spells:

 Your Spells              Type           Power        Failure   Level  Hunger
a - Freeze                Ice            ###.         1%          1    #......
b - Magic Dart            Conj           ###.         1%          1    #......
c - Ozocubu's Armour      Chrm/Ice       ###.....     4%          3    ###....

Your spell library contained the following spells:

 Spells                   Type           Power        Failure   Level  Hunger
 Conjure Flame            Conj/Fire      ##......     8%          3    ###....
 Blink                    Tloc           N/A          9%          2    ###....
 Call Imp                 Summ           #.......     13%         2    ###....
 Slow                     Hex            #.......     13%         2    ###....
 Mephitic Cloud           Conj/Pois/Air  #.......     13%         3    ###....


Dungeon Overview and Level Annotations

Branches:
Dungeon (6/15)
 Temple: D:4-7

Altars:
Okawaru
Qazlal
Sif Muna
Uskayaw
The Shining One


Message History

You closely miss the orc warrior.
The orc warrior is severely wounded.
The orc warrior hits you with a +0 long sword!
* * * LOW HITPOINT WARNING * * *
You hit the orc warrior but do no damage.
The orc warrior is severely wounded.
The orc warrior hits you with a +0 long sword.
* * * LOW HITPOINT WARNING * * *
You closely miss the orc warrior.
The orc warrior is severely wounded.
The orc warrior hits you with a +0 long sword.
* * * LOW HITPOINT WARNING * * *
You sock the orc warrior!
The orc warrior is almost dead.
The orc warrior hits you with a +0 long sword.
* * * LOW HITPOINT WARNING * * *
You hit the orc warrior but do no damage.
The orc warrior is almost dead.
The orc warrior hits you with a +0 long sword.
You die...

##..############ ##.............#
######## ##...#########.#
.....o.. ##...###<#####.#
#..o....
##...#..[).....###########.......
##...#.........#>........#.......
##...#.........#...o.o...........
##...#..)......#o#######.########
.....+.........#♣# #.#
####.#.........#.# #..
.....#.........#.# ##.#
###............#)# ..
#......#######.# #.#
#......#######.# .#
#..............# #.....##########
#######


You could see an orc warrior.

Vanquished Creatures
  Sigmund (D:3)
  Duvessa (D:6)
  2 phantoms
  2 ogres
  Dowan (D:6)
  A centaur skeleton (D:4)
  A bullfrog skeleton (D:4)
  2 orc wizards (D:5)
  4 worker ants
  A hound skeleton (D:5)
  Robin (D:3)
  2 gnolls (D:1)
  6 adders
  3 river rats (D:3)
  An ooze (D:2)
  2 adder zombies (D:5)
  3 worms
  4 leopard geckos
  16 orcs
  A ball python (D:4)
  4 giant cockroaches
  24 goblins
  13 hobgoblins
  2 jackals (D:2)
  6 kobolds
  A quokka (D:2)
  7 bats
  3 frilled lizards
  A leopard gecko skeleton (D:5)
  8 rats
124 creatures vanquished.

Notes
Turn   | Place    | Note
-------+----------+-------------------------------------------
     0 | D:1      | David the Human Wanderer began the quest for the Orb.
     0 | D:1      | David set off with the following items: a potion of curing,
                  | a +0 robe, a +0 club, a ration; and the following spells
                  | available to memorise: Freeze, Magic Dart, Blink, Ozocubu's
                  | Armour, Call Imp, Slow, Conjure Flame, Mephitic Cloud
     0 | D:1      | Reached XP level 1. HP: 13/13 MP: 3/3
     2 | D:1      | Learned a level 1 spell: Freeze
    16 | D:1      | Reached XP level 2. HP: 6/19 MP: 0/5
   522 | D:1      | Reached skill level 1 in Maces & Flails
   522 | D:1      | Reached XP level 3. HP: 10/24 MP: 3/6
   964 | D:1      | Learned a level 1 spell: Magic Dart
  1683 | D:2      | Reached XP level 4. HP: 29/30 MP: 7/7
  1886 | D:2      | Found an iron altar of Okawaru.
  1894 | D:2      | Found a deep blue altar of Sif Muna.
  1904 | D:2      | Found a stormy altar of Qazlal.
  1924 | D:2      | Became a worshipper of Sif Muna the Loreminder
  2631 | D:2      | Reached XP level 5. HP: 35/35 MP: 8/8
  2678 | D:2      | Reached skill level 1 in Conjurations
  3049 | D:3      | Noticed Robin
  3081 | D:3      | Found a hide-covered altar of Uskayaw.
  3083 | D:3      | Noticed a +0 dagger
  3083 | D:3      | Noticed a +0 dagger
  3119 | D:3      | Killed Robin
  3725 | D:3      | Found a glowing golden altar of the Shining One.
  3797 | D:3      | Noticed Sigmund
  3815 | D:3      | Killed Sigmund
  3815 | D:3      | Reached * piety under Sif Muna
  3815 | D:3      | Reached skill level 5 in Ice Magic
  3815 | D:3      | Reached XP level 6. HP: 13/41 MP: 5/9
  4086 | D:3      | Reached XP level 7. HP: 35/46 MP: 5/10
  4706 | D:4      | Reached skill level 5 in Conjurations
  4948 | D:4      | Learned a level 3 spell: Ozocubu's Armour
  4991 | D:4      | Reached skill level 1 in Charms
  4991 | D:4      | Reached skill level 6 in Ice Magic
  5312 | D:5      | Entered Level 5 of the Dungeon
  5512 | D:5      | Reached XP level 8. HP: 50/52 MP: 3/11
  5846 | D:6      | Noticed Dowan
  5847 | D:6      | Noticed Duvessa
  5853 | D:6      | Reached skill level 1 in Fighting
  5902 | D:6      | Killed Duvessa
  5902 | D:6      | Reached skill level 1 in Armour
  5902 | D:6      | Reached skill level 7 in Ice Magic
  5963 | D:6      | Killed Dowan
  6072 | D:6      | HP: 3/84 [orc warrior/+0 long sword (4)]
  6073 | D:6      | Slain by an orc warrior

Vault maps used:
D:1:      dpeg_arrival_boxorama, chequers_decorated_corner
D:2:      grunt_temple_overflow_diamond, first_ration, serial_bayou_pond_e,
          minmay_misc_feat_room
D:3:      dancing_weapons_uskayaw, tso_altar, gup_sewer_entry_bubbles,
          uniq_robin, uniq_sigmund
D:6:      cheibrodos_two_vegetables, uniq_duvessa, uniq_edmund

Skill      XL: |  1  2  3  4  5  6  7  8 |
---------------+-------------------------+-----
Maces & Flails | 1 2 3 |  3.0
Conjurations   | 3 4 5 |  5.1
Ice Magic      | 5 6 7 |  7.1
Charms         | 1 2 |  2.0
Fighting       | 1 |  1.9
Armour         | 1 |  1.9
Throwing       | |  1.6
Spellcasting   | |  2.0
Translocations | |  1.0
Fire Magic     | |  1.0
Evocations     | |  1.0

Action                   |  1- 3 |  4- 6 |  7- 9 || total
-------------------------+-------+-------+-------++-------
Melee: Club              |     2 |       |       ||     2
       Flail             |    81 |   184 |   125 ||   390
 Cast: Freeze            |     8 |    32 |    29 ||    69
       Magic Dart        |     2 |    14 |    78 ||    94
  Use: Scroll            |       |    10 |     3 ||    13
       Potion            |       |     2 |     1 ||     3
  Eat: Ration            |     1 |     2 |     2 ||     5
       Chunk             |       |     2 |     1 ||     3
Armor: Robe              |    18 |       |       ||    18
       Ring mail         |    11 |   110 |    49 ||   170
       Skin              |       |       |     5 ||     5
Dodge: Dodged            |    60 |   130 |    80 ||   270

Table legend:
 A = Non-vault XP
 B = Vault XP
 C = Vault XP percentage of total XP
 D = Non-vault monster count
 E = Vault monster count
 F = Vault count percentage of total count
                 A         B        C        D         E       F
            +---------+---------+-------+---------+---------+-------
      Total |    1054 |     556 |  34.5 |     101 |      23 |  18.5
            +---------+---------+-------+---------+---------+-------
        D:1 |      64 |       0 |   0.0 |      21 |       0 |   0.0
        D:2 |     107 |       0 |   0.0 |      32 |       0 |   0.0
        D:3 |      60 |     340 |  85.0 |      19 |      21 |  52.5
        D:4 |     406 |       0 |   0.0 |      10 |       0 |   0.0
        D:5 |     292 |       0 |   0.0 |      15 |       0 |   0.0
        D:6 |     125 |     216 |  63.3 |       4 |       2 |  33.3
            +---------+---------+-------+---------+---------+-------
